Map: Cyber Forest LE

Players

Ultima - Winner!

  • Race: Terran Terran
  • Spawn Location: 5:00

PeLLy

  • Race: Zerg Zerg
  • League: Diamond
  • Spawn Location: 11:00

VOD

Have the link to the VOD?

Description

Time

  • Played on: Aug. 10, 2019, 5:46 a.m.
  • Length: 19:38
Show
View Real Time Build Order
Export as new Build Order

Ultima Terran - Winner!

Build Orders: 2 Factory, Hellion Opening, Mech 

Get SALT Encoding   

  12  0:01  SCV  
  13  0:13  SCV  
  14  0:22  Supply Depot  
  14  0:25  SCV  
  15  0:29  Refinery  
  15  0:43  SCV  
  15  0:46  Barracks  
  16  0:57  Supply Depot, SCV  
  17  1:10  SCV  
  18  1:22  SCV  
  19  1:36  Orbital Command  
  19  1:53  Command Center  
  19  2:01  SCV  
  19  2:06  Factory  
  19  2:07  Barracks Reactor  
  20  2:14  SCV  
  21  2:23  Refinery  
  21  2:26  SCV  
  22  2:34  Factory  
  22  2:40  SCV  
  23  2:56  Hellion x2  
  27  3:14  SCV  
  27  3:17  Hellion x2, Factory Tech Lab  
  32  3:28  Supply Depot  
  32  3:38  Orbital Command  
  32  3:40  SCV  
  33  3:41  Hellion  
  33  3:42  Hellion, Siege Tank  
  40  3:54  Supply Depot  
  40  3:57  Infernal Pre-Igniter  
  40  3:59  SCV  
  41  4:04  SCV  
  42  4:11  SCV  
  43  4:17  Supply Depot  
  43  4:18  Siege Tank  
  43  4:20  Hellion  
  48  4:29  Engineering Bay  
  48  4:30  SCV x2  
  50  4:38  Refinery  
  50  4:40  Supply Depot  
  50  4:42  SCV  
  50  4:43  SCV  
  50  4:44  Hellion x2  
  56  4:53  Siege Tank  
  56  4:58  SCV  
  56  4:59  SCV  
  61  5:00  Missile Turret  
  61  5:05  Refinery  
  61  5:09  Hellion x2  
  61  5:11  SCV x2  
  67  5:17  Armory  
  67  5:19  Missile Turret  
  67  5:23  Missile Turret  
  67  5:24  SCV x2  
  69  5:37  SCV x2  
  69  5:39  Siege Tank  
  69  5:40  Hellion  
  76  5:48  Missile Turret  
  76  5:56  SCV, Factory  
  77  6:02  Factory  
  77  6:11  Missile Turret  
  77  6:13  SCV, Terran Vehicle Weapons Level 1  
  77  6:15  Missile Turret  
  78  6:22  Supply Depot  
  78  6:31  Missile Turret  
  78  6:33  Missile Turret  
  78  6:42  Armory  
  78  6:44  SCV x2, Cyclone  
  83  6:56  SCV x2  
  85  7:06  Command Center  
  85  7:20  Factory Tech Lab x2  
  85  7:41  Terran Vehicle And Ship Armor Level 1  
  85  7:44  Supply Depot  
  85  7:46  Supply Depot  
  85  7:57  Supply Depot x2  
  89  8:06  Hellbat x2  
  89  8:07  Thor x2  
  89  8:08  Supply Depot  
  89  8:10  Terran Vehicle Weapons Level 2  
  101  8:17  Thor  
  101  8:19  Orbital Command  
  107  8:20  Sensor Tower  
  107  8:31  Hellbat x2  
  107  8:33  Supply Depot  
  111  8:40  SCV x2  
  113  8:42  Refinery  
  86  9:08  Thor, Siege Tank x2  
  86  9:09  Hellbat  
  98  9:11  Hellbat  
  98  9:17  Refinery  
  100  9:34  SCV x3  
  100  9:38  Terran Vehicle And Ship Armor Level 2  
  103  9:39  Hellbat  
  103  9:40  Hellbat  
  107  9:46  SCV x3  
  110  9:55  Thor  
  110  9:57  Command Center  
  110  9:58  Hellion x6, Siege Tank  
  110  9:59  Hellion  
  122  10:00  Cyclone  
  122  10:04  SCV x3  
  122  10:05  Sensor Tower  
  125  10:16  SCV x3  
  126  10:51  Thor x2  
  126  10:52  Thor  
  126  10:53  Hellbat x2  
  148  11:04  Command Center  
  148  11:07  SCV  
  148  11:10  Sensor Tower  
  149  11:12  Supply Depot  
  149  11:13  Supply Depot  
  149  11:15  Supply Depot  
  149  11:16  Supply Depot  
  149  11:18  Supply Depot  
  149  11:34  Hellbat x2, SCV x3, Terran Vehicle Weapons Level 3  
  156  11:43  Thor  
  156  11:44  Thor  
  156  11:45  Thor  
  156  11:46  SCV  
  175  11:58  Sensor Tower  
  175  12:04  Supply Depot  
  175  12:07  Hellbat x2  
  179  12:12  Terran Vehicle And Ship Armor Level 3  
  179  12:14  Orbital Command  
  140  12:40  SCV x4  
  144  12:52  SCV x4  
  144  12:53  Sensor Tower  
  148  13:04  SCV x3  
  152  13:05  Refinery  
  152  13:11  Orbital Command  
  151  13:16  SCV x3  
  154  13:21  Refinery  
  154  13:26  Thor x2  
  154  13:27  Thor  
  166  13:28  Hellbat x2, SCV  
  166  13:29  SCV x2  
  179  13:40  SCV  
  180  13:50  Refinery  
  180  13:52  Hellbat x2, Refinery  
  184  14:10  Thor x2  
  184  14:15  Hellbat x2  
  172  15:25  Thor x3  
  172  15:26  Hellbat x2  
  158  16:31  Thor x3  
  158  16:32  Hellbat x2  
  174  16:54  SCV, Hellion x2  
  178  16:55  SCV x3  
  177  17:06  SCV  
  177  17:07  SCV x3  
  181  17:15  Hellion x2  
  185  17:18  SCV  
  186  17:26  Hellion x4, Thor  
  186  17:27  Thor  
Show
View Real Time Build Order
Export as new Build Order

PeLLy Zerg 

Build Orders: Hatch First, Brood Lord Corruptor 

Get SALT Encoding   

  12  0:00  Drone  
  13  0:12  Overlord  
  13  0:19  Drone  
  14  0:31  Drone x2  
  16  0:42  Drone  
  17  0:54  Hatchery  
  17  0:56  Drone  
  17  1:01  Drone  
  18  1:14  Spawning Pool  
  18  1:17  Drone  
  18  1:20  Extractor  
  18  1:25  Drone  
  18  1:29  Drone  
  19  1:39  Overlord  
  19  1:52  Drone  
  20  2:05  Zergling x2  
  20  2:07  Zergling x2  
  22  2:11  Zergling x2  
  22  2:14  Queen x2  
  27  2:18  Zergling x2  
  28  2:29  Drone  
  29  2:34  Drone x2  
  31  2:39  Drone  
  32  2:49  Drone x2  
  34  2:59  Drone  
  34  3:01  Drone, Hatchery  
  35  3:08  Drone  
  36  3:13  Overlord  
  36  3:21  Lair  
  36  3:22  Metabolic Boost  
  32  3:41  Evolution Chamber  
  32  3:43  Roach Warren, Evolution Chamber  
  29  3:48  Drone  
  29  3:49  Drone x7  
  37  3:58  Queen  
  37  4:00  Drone x4  
  43  4:04  Overlord  
  43  4:07  Extractor  
  43  4:09  Extractor  
  41  4:11  Zerg Missile Weapons Level 1  
  41  4:22  Overlord x3  
  41  4:26  Spore Crawler  
  41  4:28  Spore Crawler  
  39  4:33  Drone  
  39  4:34  Drone x2  
  42  4:40  Queen  
  42  4:45  Zerg Melee Weapons Level 1  
  44  4:55  Hydralisk Den  
  44  4:56  Drone x4  
  44  4:59  Drone  
  48  5:30  Drone x5  
  48  5:31  Hydralisk x3  
  48  5:32  Hydralisk x3  
  65  5:45  Queen  
  65  5:47  Drone x7  
  74  5:55  Spine Crawler  
  73  6:00  Baneling Nest  
  73  6:01  Drone x4  
  76  6:04  Spine Crawler  
  75  6:15  Zerg Missile Weapons Level 2  
  75  6:17  Muscular Augments  
  75  6:22  Extractor  
  74  6:27  Infestation Pit  
  73  6:34  Hydralisk x2  
  77  6:43  Drone x6, Extractor  
  77  6:44  Extractor  
  81  6:59  Drone x2, Spore Crawler  
  82  7:02  Overlord x3  
  82  7:12  Centrifical Hooks  
  82  7:14  Hatchery  
  81  7:17  Zergling x2  
  81  7:18  Overlord x3  
  81  7:19  Overlord  
  82  7:29  Zerg Melee Weapons Level 2, Grooved Spines  
  82  7:30  Zergling x14  
  82  7:31  Zergling x2  
  82  7:32  Spine Crawler  
  82  7:34  Spine Crawler  
  88  7:52  Zergling x16  
  88  7:54  Baneling  
  88  7:55  Baneling x8  
  88  7:56  Hydralisk  
  98  7:58  Hydralisk  
  100  8:05  Drone  
  101  8:13  Hydralisk x7  
  115  8:22  Drone x4  
  115  8:23  Drone  
  120  8:28  Drone x4  
  124  8:39  Hydralisk x4  
  122  9:01  Zergling x18  
  96  9:12  Zergling x20  
  106  9:18  Drone  
  106  9:20  Drone x4  
  106  9:22  Extractor  
  110  9:24  Extractor  
  109  9:33  Baneling x19  
  109  9:34  Baneling x8  
  109  9:35  Hydralisk x3  
  115  9:40  Glial Reconstitution  
  115  9:46  Hive  
  115  9:49  Drone x2, Spire  
  116  10:02  Drone  
  116  10:03  Drone x10  
  127  10:13  Overseer x3  
  127  10:19  Queen  
  129  10:27  Hydralisk  
  129  10:28  Hydralisk x2  
  135  10:35  Overlord  
  135  10:36  Overlord x4  
  135  10:44  Spore Crawler  
  135  10:47  Drone x2  
  136  11:01  Hydralisk x13  
  136  11:04  Overlord x2  
  162  11:27  Hatchery  
  161  11:38  Adrenal Glands  
  161  11:46  Corruptor x10  
  163  12:32  Corruptor x4  
  171  12:38  Greater Spire  
  171  12:45  Pathogen Glands  
  171  12:47  Infestor  
  171  12:48  Infestor x4  
  181  12:54  Overlord x4  
  181  13:03  Extractor  
  181  13:04  Extractor  
  179  13:14  Hatchery  
  179  13:16  Corruptor x4  
  186  13:20  Overseer x3  
  186  13:21  Overseer  
  186  13:34  Drone x2  
  188  13:42  Neural Parasite  
  188  14:12  Brood Lord x5  
  193  14:54  Brood Lord x3  
  133  15:20  Hydralisk  
  133  15:21  Hydralisk x14  
  103  15:22  Zergling x28  
  103  15:23  Zergling x36  
  103  15:25  Hydralisk x5  
  172  15:48  Baneling  
  172  15:49  Baneling x27  
  126  16:09  Hydralisk x10  
  126  16:10  Hydralisk x8  
  123  16:17  Zerg Missile Weapons Level 3  
  122  16:19  Zerg Melee Weapons Level 3  
  113  16:29  Zergling x2  
  113  16:30  Zergling x6  
  113  16:32  Zergling x4  
  115  16:33  Zergling x4  
  84  17:00  Hydralisk x6  
  67  17:03  Corruptor  
  67  17:07  Corruptor  
  73  17:20  Corruptor  
  73  17:21  Corruptor  
  66  17:26  Corruptor x2  
  62  17:38  Brood Lord  
  62  17:41  Brood Lord  
  64  17:48  Corruptor x3, Extractor x2  
  64  17:49  Corruptor  
  66  17:52  Brood Lord  
  66  17:56  Brood Lord  
  70  18:04  Brood Lord  
  48  18:27  Brood Lord  
  50  18:51  Corruptor  
Tags
 
Add a new tag
Caveats
  • Supply blocks, unpowered buildings, or Contaminate may cause inaccurate times.
  • Supply counts are checked every 10 seconds.